 Dungeon Crawl Stone Soup version 0.31-a0-4-gefa6de2278 (webtiles) character file.

Game seed: 4390546253471500527

19642 qeuew the Protected (level 12, -8/107 HPs)
             Began as a Minotaur Fighter on May 4, 2023.
             Was an Initiate of Gozag.
             Mangled by Snorg (16 damage)
             ... on level 3 of the Lair of Beasts.
             The game lasted 00:13:27 (9023 turns).

qeuew the Protected (Minotaur Fighter)              Turns: 9023, Time: 00:13:27

Health: -8/107     AC: 17    Str: 26      XL:     12   Next: 38%
Magic:  11/11      EV: 13    Int:  4      God:    Gozag
Gold:   926        SH:  6    Dex: 12 (13) Spells: 11/11 levels left

rFire   . . .        a - +1 war axe
rCold   . . .        c - +0 buckler
rNeg    . . .        b - +0 scale mail
rPois   +            (helmet restricted)
rElec   .            F - +1 cloak {rPois}
rCorr   .            (no gloves)
SInv    .            (no boots)
Will    .....        l - amulet of regeneration Stlth
                     j - +4 ring of slaying
HPRegen 1.17/turn    r - +4 ring of protection
MPRegen 0.12/turn

%: no passive effects
@: mighty, gold aura
A: horns 2, retaliatory headbutt, shaggy fur 1, strong 1
a: Renounce Religion, Potion Petition, Call Merchant, Bribe Branch


You were on level 3 of the Lair of Beasts.
You worshipped Gozag.
Gozag was pleased with you.
You visited 2 branches of the dungeon, and saw 11 of its levels.
You also visited: Ossuary.

You collected 2870 gold pieces.
You spent 601 gold pieces at shops.
You paid 1343 gold pieces to Gozag.

Inventory:

Hand Weapons
 a - a +1 war axe (weapon)
Missiles
 p - 3 throwing nets
Armour
 b - a +0 scale mail (worn)
 c - a +0 buckler (worn)
 F - a +1 cloak of poison resistance (worn)
 H - the +1 leather armour "Kots" {rN+ Str+8 Int-4}
   (You bought it in a shop on level 2 of the Lair of Beasts)

   Str:       It affects your strength (+8).
   Int:       It affects your intelligence (-4).
   rN:        It protects you from negative energy.
Jewellery
 j - a +4 ring of slaying (left hand)
 l - an amulet of regeneration (around neck)
 r - a +4 ring of protection (right hand)
 E - a ring of protection from fire
Wands
 q - a wand of polymorph (4) (quivered)
 B - a wand of digging (8)
 C - a wand of roots (4)
 D - a wand of paralysis (11)
Scrolls
 f - a scroll of blinking
 h - a scroll of enchant weapon
 k - 2 scrolls of amnesia
 o - 5 scrolls of teleportation
 y - a scroll of torment {unknown}
 z - a scroll of butterflies {unknown}
 A - a scroll of fear
Potions
 d - 4 potions of might
 e - 5 potions of mutation
 g - 5 potions of curing
 i - 3 potions of heal wounds
 m - a potion of berserk rage
 n - 3 potions of flight
 s - 2 potions of haste
 t - a potion of invisibility
 u - 2 potions of cancellation
 v - a potion of resistance
 w - 2 potions of magic
 G - 11 potions of ambrosia


   Skills:
 + Level 10.5 Fighting
 + Level 10.3 Axes
 * Level 14.3 Armour
 + Level 9.0 Dodging
 + Level 10.6 Shields
 + Level 6.6 Evocations


You had 11 spell levels left.
You didn't know any spells.
Your spell library contained the following spells:

 Spells                   Type           Power      Damage    Failure   Level
 Necrotise                Necr           0%         1d4       75%         1
 Shock                    Conj/Air       0%         1d3       75%         1
 Blink                    Tloc           0%         N/A       87%         2
 Lesser Beckoning         Tloc           0%         N/A       87%         2
 Frozen Ramparts          Ice            0%         1d1       98%         3
 Gell's Gravitas          Tloc           0%         N/A       98%         3
 Summon Guardian Golem    Hex/Summ       0%         N/A       98%         3
 Swiftness                Air            0%         N/A       98%         3
 Teleport Other           Tloc           0%         N/A       98%         3
 Vampiric Draining        Necr           0%         2d6       98%         3
 Airstrike                Air            0%         2d(0-16)  100%        4
 Ice Form                 Ice/Tmut       0%         N/A       100%        4
 Manifold Assault         Tloc           0%         N/A       100%        4
 Summon Ice Beast         Ice/Summ       0%         N/A       100%        4
 Agony                    Necr           0%         N/A       100%        5
 Orb of Destruction       Conj           0%         9d5       100%        7
 Spellforged Servitor     Conj/Summ      0%         N/A       100%        7
 Storm Form               Tmut/Air       0%         N/A       100%        7


Dungeon Overview and Level Annotations

Branches:
Dungeon (8/15)             Temple (0/1) D:4            Lair (3/5) D:8
  Swamp (0/4) Lair:2      Ossuary (visited)
  Snake: Lair:2-3    Spider: Lair:2-3

Altars:
Cheibriados
Gozag
Makhleb
Xom
Zin
The Shining One

Shops:
D:3 *   Lair:2 [

Annotations:
Lair:3 Snorg


Innate Abilities, Weirdness & Mutations

You have a pair of horns on your head.
You reflexively headbutt those who attack you in melee.
You are covered in fur. (AC +1)
Your muscles are strong. (Str +4, Int/Dex -1)


Message History

Okay, then.
You feel very mighty all of a sudden.
Snorg goes berserk!
You slash Snorg! You headbutt Snorg!
Snorg is lightly wounded.
You closely miss the black mamba. The black mamba barely misses you.
You furiously retaliate!
You headbutt the black mamba!! Snorg bites you!
Snorg claws you but does no damage. x2; The black mamba misses you.
You furiously retaliate!
You headbutt the black mamba!!
You kill the black mamba!
Your Dodging skill increases to level 9!
You slash Snorg! Your headbutt misses Snorg.
Snorg is moderately wounded.
Snorg is distracted by your dazzling golden aura.
Snorg shouts!
You slice Snorg!!
Snorg is no longer distracted by gold.
You headbutt Snorg!
Snorg is heavily wounded.
Snorg bites you!! Snorg claws you but does no damage. Snorg barely misses you.
You barely miss Snorg.
Snorg is heavily wounded.
Snorg bites you! Snorg claws you. Snorg claws you but does no damage.
You slice Snorg!!
Snorg is severely wounded.
Snorg bites you but does no damage. You block Snorg's attack. Snorg misses you.
Snorg bites you! Snorg claws you but does no damage. You block Snorg's attack.
You slice Snorg!!
Snorg is almost dead.
You block Snorg's attack. Snorg claws you but does no damage. Snorg claws you!
You closely miss Snorg.
Snorg is almost dead.
Snorg bites you!
* * * LOW HITPOINT WARNING * * *
Snorg barely misses you. Snorg claws you but does no damage. Snorg bites you!!
* * * LOW HITPOINT WARNING * * *
Snorg barely misses you. Snorg claws you but does no damage.
You barely miss Snorg. You headbutt Snorg!
Snorg is almost dead.
Snorg bites you!
You die...
Your body crumbles into a pile of gold.

$ # ###### .## .
##...PP### ..#..
#........#..#...
$
.........#...#..
.........T......
.......$@.#
.......<..#
...........#
...........#
...........#
.............
##........#..#
##.....#.....P
###.....#....


You could see Snorg (berserk).

Vanquished Creatures
  Gastronok (Lair:1)
  A ghost moth (Lair:2)
  A death yak (Lair:2)
  Amaemon (Lair:1)
  Pikel (D:4)
  3 black mambas
  4 elephants (Lair:2)
  An orange demon (Lair:1)
  A torpor snail (Lair:2)
  3 cane toads
  4 komodo dragons
  A rime drake (Lair:1)
  A queen bee (Lair:1)
  A polar bear (Lair:2)
  A hornet (D:7)
  7 blink frogs (Lair:1)
  A slime creature (Lair:2)
  Sigmund (D:6)
  A wyvern (D:8)
  11 yaks
  A basilisk (Lair:2)
  3 steam dragons
  5 vampire mosquitoes (Lair:2)
  5 water moccasins
  Duvessa (D:4)
  An orc warrior (D:8)
  An ice beast (D:6)
  2 sky beasts (D:7)
  3 black bears
  2 ogres
  2 centaurs
  4 bullfrogs
  2 kobold brigands
  2 elf zombies
  2 scorpions
  An elf skeleton (D:6)
  Dowan (D:4)
  24 killer bees (Lair:1)
  3 howler monkeys
  3 crimson imps (D:3)
  A centaur zombie (Ossuary)
  2 gnoll boudas
  5 hounds
  4 human zombies
  A human skeleton (D:6)
  3 jellies
  2 iguanas
  2 sleepcaps
  Jessica (D:3)
  Natasha (thrice) (D:4)
  7 orc wizards (D:6)
  2 mummies (Ossuary)
  Robin (D:4)
  8 adders
  11 gnolls
  A shadow imp (D:7)
  3 white imps (D:7)
  2 ufetubi
  3 worms
  5 dart slugs
  13 orcs
  5 bats
  4 endoplasms
  7 giant cockroaches
  11 goblins
  12 hobgoblins
  9 jackals
  17 kobolds
  3 quokkas
  4 ball pythons
  3 frilled lizards
  3 goblin zombies (Ossuary)
  11 hobgoblin zombies (Ossuary)
  2 jackal zombies (Ossuary)
  9 kobold zombies (Ossuary)
  7 orc zombies
  21 rats
  2 rat zombies (Ossuary)
324 creatures vanquished.

Vanquished Creatures (others)
  5 fungi
  17 plants
22 creatures vanquished.

Grand Total: 346 creatures vanquished

Notes
Turn   | Place    | Note
-------+----------+-------------------------------------------
     0 | D:1      | qeuew the Minotaur Fighter began the quest for the Orb.
     0 | D:1      | Reached XP level 1. HP: 19/19 MP: 0/0
   139 | D:1      | Reached XP level 2. HP: 27/27 MP: 1/1
   141 | D:1      | Reached skill level 4 in Armour
   457 | D:1      | Gained mutation: Your muscles are strong. (Str +4, Int/Dex
                  | -1) [potion of mutation]
   457 | D:1      | Gained mutation: You are covered in fur. (AC +1) [potion of
                  | mutation]
   508 | D:2      | Reached XP level 3. HP: 33/33 MP: 2/2
   520 | D:2      | Reached skill level 1 in Dodging
   533 | D:2      | Found a faded altar of an unknown god.
   892 | D:2      | Identified the +7 mace of Ru's Inspiration {heavy, rC+
                  | Will- rCorr Int+7}
  1164 | D:3      | Reached XP level 4. HP: 38/40 MP: 3/3
  1329 | D:3      | Noticed a black bear
  1333 | D:3      | Noticed Jessica
  1334 | D:3      | Killed a black bear
  1335 | D:3      | Reached skill level 5 in Armour
  1335 | D:3      | Reached XP level 5. HP: 34/47 MP: 4/4
  1340 | D:3      | Killed Jessica
  1640 | D:3      | Found Gozag's Platinum Reserve.
  1674 | D:3      | Found an opulent altar of Gozag.
  1696 | D:3      | Became a worshipper of Gozag Ym Sagoz the Greedy
  1745 | D:3      | Found a shimmering altar of Xom.
  1760 | D:3      | Reached XP level 6. HP: 38/55 MP: 5/5
  2157 | D:3      | Reached skill level 5 in Fighting
  2185 | D:4      | Found a staircase to the Ecumenical Temple.
  2186 | D:4      | Noticed Natasha
  2195 | D:4      | Reached skill level 6 in Armour
  2202 | D:4      | Killed Natasha
  2204 | D:4      | Noticed Natasha
  2211 | D:4      | Killed Natasha
  2212 | D:4      | Reached skill level 5 in Shields
  2225 | D:4      | Noticed Natasha
  2233 | D:4      | Killed Natasha
  2236 | D:4      | Identified the staff of cold "Diny" {Contam rC+ Will+ Int+3
                  | Dex+2}
  2301 | D:4      | Reached XP level 7. HP: 32/61 MP: 6/6
  2376 | D:4      | Noticed Robin
  2391 | D:4      | Killed Robin
  2540 | D:4      | Noticed Duvessa
  2541 | D:4      | Noticed Dowan
  2547 | D:4      | Killed Duvessa
  2553 | D:4      | Killed Dowan
  2554 | D:4      | Reached skill level 7 in Armour
  2564 | D:4      | Noticed Pikel
  2573 | D:4      | Killed Pikel
  2574 | D:4      | Reached skill level 5 in Axes
  2574 | D:4      | Reached XP level 8. HP: 39/70 MP: 4/7
  3060 | D:4      | Reached skill level 10 in Armour
  3060 | D:4      | Reached XP level 9. HP: 81/81 MP: 8/8
  3070 | D:5      | Entered Level 5 of the Dungeon
  3267 | D:5      | Reached skill level 11 in Armour
  3745 | D:6      | Found a sand-covered staircase.
  3752 | Ossuary  | Entered an ossuary
  4110 | D:6      | Noticed Sigmund
  4115 | D:6      | Killed Sigmund
  4201 | D:6      | Found a burning altar of Makhleb.
  4201 | D:6      | Noticed a cacodemon
  4204 | D:6      | Noticed a smoke demon
  4449 | D:6      | Reached XP level 10. HP: 84/90 MP: 9/9
  5055 | D:7      | Found a glowing golden altar of the Shining One.
  5125 | D:7      | Found a snail-covered altar of Cheibriados.
  5212 | D:7      | Paralysed by a hornet for 2 turns
  5879 | D:8      | Reached skill level 12 in Armour
  5998 | D:8      | Found a staircase to the Lair.
  6004 | D:8      | Found a glowing silver altar of Zin.
  6450 | Lair:1   | Entered Level 1 of the Lair of Beasts
  6471 | Lair:1   | Reached skill level 5 in Evocations
  6524 | Lair:1   | Noticed a black mamba
  6524 | Lair:1   | Noticed Gastronok
  6532 | Lair:1   | Killed a black mamba
  6551 | Lair:1   | Killed Gastronok
  6552 | Lair:1   | Reached XP level 11. HP: 62/97 MP: 10/10
  6758 | Lair:1   | Noticed Amaemon
  6779 | Lair:1   | Killed Amaemon
  6780 | Lair:1   | Reached skill level 13 in Armour
  7277 | Lair:1   | Reached skill level 10 in Shields
  7581 | Lair:2   | Found a staircase to the Swamp.
  7586 | Lair:2   | Reached skill level 10 in Fighting
  7755 | Lair:2   | Noticed a seven-headed hydra
  7759 | Lair:2   | an eight-headed hydra changed into something unseen
  7770 | Lair:2   | Killed a ghost moth
  7911 | Lair:2   | Reached XP level 12. HP: 44/106 MP: 11/11
  7926 | Lair:2   | HP: 4/106 [elephant (7)]
  7962 | Lair:2   | HP: 5/106 [komodo dragon (17)]
  7965 | Lair:2   | Reached skill level 10 in Axes
  8116 | Lair:2   | Noticed a death yak
  8129 | Lair:2   | Killed a death yak
  8130 | Lair:2   | Reached skill level 14 in Armour
  8381 | Lair:2   | Noticed a seven-headed hydra
  8390 | Lair:2   | a seven-headed hydra changed into a slime creature
  8996 | Lair:2   | Bought a +1 cloak of poison resistance for 202 gold pieces
  8996 | Lair:2   | Bought the +1 leather armour "Kots" {rN+ Str+8 Int-4} for
                  | 399 gold pieces
  9013 | Lair:3   | Noticed Snorg
  9023 | Lair:3   | Mangled by Snorg

Illustrated notes

Levels and vault maps discovered:
D:1:      giann_wishing_wells, layout_rooms
D:2:      layout_loops_cross, hellmonk_ecumenical_altar_inner_sanctum
D:3:      minmay_chambers_of_twos, layout_loops_ring,
          nicolae_gozag_zags_fifth_avenue, led_xom_imps, grunt_ministairs_2,
          uniq_jessica
D:4:      layout_loops_ring, minmay_temple_entry_large_hall, minmay_rat_hole,
          uniq_duvessa, uniq_pikel, uniq_natasha, uniq_robin
D:5:      layout_loops_ring, nrook_loot_triangle
D:6:      minmay_flawed_box, layout_rooms, makhleb_altar_promises_db,
          serial_glass, glass_columns_a, glass_columns_a, glass_columns_b,
          glass_columns_b, glass_columns_c, glass_columns_a,
          nicolae_ossuary_entry_catacombs, st_stairs_1,
          nicolae_concentric_dashed_squares_mild, minivault_25, uniq_sigmund
D:7:      layout_basic, nicolae_tso_carved_into_rock, slow_altar_1
D:8:      layout_loops_ring, zin_treasury, lair_entry_dummy, hex_tiny
Lair:1:   layout_loops_ring, special_room [special_room_bee],
          grunt_megastairs_1, infiniplex_staircase_pool_2, uniq_gastronok,
          uniq_amaemon
Lair:2:   layout_layer_cave, minmay_swamp_entry_swarm
Lair:3:   layout_cave_pods, spider_nest_entry_web_field, basic_altar,
          portal_ice_cave_entry_imps, uniq_nergalle, uniq_snorg

Skill      XL: |  1  2  3  4  5  6  7  8  9 10 11 12 |
---------------+-------------------------------------+-----
Armour         | 4 5 6 7 10 11 12 13 14 | 14.3
Fighting       | 4 5 6 8 9 10 | 10.5
Dodging        | 1 2 4 6 7 8 9 |  9.0
Shields        | 4 5 6 8 9 10 | 10.6
Axes           | 3 4 5 7 8 9 10 | 10.3
Evocations     | 4 5 6 |  6.6

Action                     |  1- 3 |  4- 6 |  7- 9 | 10-12 || total
---------------------------+-------+-------+-------+-------++-------
  Melee: War axe           |    58 |    82 |   229 |   397 ||   766
         Headbutt          |     4 |    15 |    51 |    94 ||   164
 Invoke: Potion Petition   |       |       |       |     2 ||     2
         Call Merchant     |       |       |       |     1 ||     1
  Evoke: Wand              |       |       |       |     5 ||     5
    Use: Potion            |     4 |       |     2 |     5 ||    11
         Scroll            |     6 |     1 |     6 |     6 ||    19
   Stab: Distracted        |       |       |     4 |     2 ||     6
 Armour: Scale mail        |    24 |    31 |    68 |   196 ||   319
  Dodge: Dodged            |    26 |    34 |    80 |   235 ||   375
  Block: Buckler           |     8 |    22 |    51 |   134 ||   215

Table legend: (Time is in decaauts)
 A = Elapsed time spent in this place.
 B = Non-inter-level travel time spent in this place.
 C = Inter-level travel time spent in this place.
 D = Time resting spent in this place.
 E = Time spent auto-exploring this place.
 F = Levels seen in this place.
 G = Mean time per level.
                   A        B        C        D        E       F      G
               +--------+--------+--------+--------+--------+-----+--------+
         Total |   9144 |   8871 |    273 |      0 |   7087 |  12 |  762.0 |
       Dungeon |   6269 |   6021 |    248 |      0 |   4879 |   8 |  783.6 |
          Lair |   2598 |   2574 |     24 |      0 |   2070 |   3 |  866.0 |
       Ossuary |    276 |    276 |      0 |      0 |    137 |   1 |  276.0 |
               +--------+--------+--------+--------+--------+-----+--------+

Top non-repeatable levels by time:
  Lair:2: 1591 daAuts
     D:3: 1133 daAuts
  Lair:1: 997 daAuts
     D:7: 944 daAuts
     D:4: 911 daAuts
     D:6: 850 daAuts
     D:8: 783 daAuts
     D:2: 604 daAuts
     D:5: 559 daAuts
     D:1: 482 daAuts
 Ossuary: 276 daAuts
  Lair:3: 9 daAuts
